 Dungeon Crawl Stone Soup version 0.31.0-32-g396128a36d (webtiles) character file.

Game seed: 4999205729717204589

39461 PaiMei the Artisan of Death (level 13, -1/108 HPs)
             Began as a Demonspawn Necromancer on Mar 29, 2024.
             Was a Priest of Kikubaaqudgha.
             Slain by a seven-headed hydra (6 damage)
             ... on level 5 of the Lair of Beasts.
             The game lasted 00:35:37 (24141 turns).

PaiMei the Artisan of Death (DsNe)                 Turns: 24141, Time: 00:35:38

Health: -1/108     AC: 11    Str: 10    XL:     13   Next: 69%
Magic:  3/37       EV: 14    Int: 20    God:    Kikubaaqudgha [***...]
Gold:   647        SH: 17    Dex: 15    Spells: 15/34 levels left

rFire   . . .        D - +5 long sword (freeze)
rCold   . . .        F - +2 buckler
rNeg    . . .        Q - +0 troll leather armour
rPois   .            (helmet unavailable)
rElec   .            (no cloak)
rCorr   .            G - +2 pair of gloves
SInv    +            (no boots)
Will    .....        (no amulet)
Stlth   ++           l - ring of Dienu {Dex+2 Slay+4}
HPRegen 1.18/turn    A - ring of magical power
MPRegen 0.25/turn

%: no passive effects
@: slowed, very slow
A: antennae 3, large bone plates 2, demonic guardian 1, icemail 1, condensation
shield
a: Renounce Religion, Unearth Wretches


You were on level 5 of the Lair of Beasts.
You worshipped Kikubaaqudgha.
Kikubaaqudgha was most pleased with you.
You visited 3 branches of the dungeon, and saw 16 of its levels.
You also visited: Ossuary.

You collected 647 gold pieces.

Inventory:

Hand Weapons
 n - a +2 dagger of speed
 r - a +2 rapier of venom
 s - a +2 short sword of electrocution
 w - a +2 whip of flaming
 D - a +5 long sword of freezing (weapon)
 W - a +3 trident of draining
Missiles
 g - 5 atropa-tipped darts (quivered)
 i - 31 poisoned darts
 p - 2 throwing nets
Armour
 q - a +1 robe of fire resistance
 F - a +2 buckler (worn)
 G - a +2 pair of gloves (worn)
 Q - a +0 troll leather armour (worn)
 X - an orb of energy
Jewellery
 l - the ring of Dienu (left hand) {Dex+2 Slay+4}
   (You found it on level 3 of the Dungeon)

   [ring of slaying]

   Dex+2:     It affects your dexterity (+2).
   Slay+4:    It affects your accuracy & damage with ranged weapons and melee
   (+4).
 x - a ring of willpower
 A - a ring of magical power (right hand)
 N - a ring of fire
Wands
 B - a wand of mindburst (19)
 H - a wand of flame (14)
 J - a wand of digging (5)
 M - a wand of iceblast (5)
 Z - a wand of acid (5)
Scrolls
 a - 3 scrolls of amnesia
 d - a scroll of enchant armour {unknown}
 e - 3 scrolls of poison
 h - 5 scrolls of identify
 j - a scroll of immolation {unknown}
 m - 3 scrolls of revelation {unknown}
 y - 2 scrolls of vulnerability {unknown}
 C - 4 scrolls of teleportation
 I - 3 scrolls of blinking {unknown}
 L - 2 scrolls of fear {unknown}
 O - a scroll of noise {unknown}
 P - a scroll of enchant weapon {unknown}
 S - a scroll of fog {unknown}
 T - a scroll of acquirement {unknown}
 V - a scroll of silence {unknown}
Potions
 b - 3 potions of magic
 c - 2 potions of heal wounds
 f - a potion of resistance {unknown}
 k - 3 potions of brilliance {unknown}
 o - 2 potions of mutation {unknown}
 t - 4 potions of enlightenment
 u - 4 potions of curing {unknown}
 v - 2 potions of degeneration {unknown}
 z - 3 potions of lignification {unknown}
 E - a potion of ambrosia {unknown}
 K - 2 potions of haste {unknown}
 R - a potion of might {unknown}
 U - a potion of attraction {unknown}
 Y - a potion of cancellation {unknown}


   Skills:
 + Level 12.1 Fighting
 + Level 6.8 Armour
 - Level 7.1 Dodging
 - Level 2.0 Stealth
 - Level 5.1 Shields
 + Level 11.4 Spellcasting
 + Level 13.8 Necromancy


You had 15 spell levels left.
You knew the following spells:

 Your Spells              Type           Power      Damage    Failure   Level
a - Necrotise             Necr           100%       1d9       1%          1
b - Vampiric Draining     Necr           61%        2d10      1%          3
c - Animate Dead          Necr           61%        N/A       1%          4
d - Curse of Agony        Necr           61%        N/A       1%          5
e - Dispel Undead         Necr           61%        3d21      1%          4
f - Sublimation of Blood  Necr           61%        N/A       1%          2

Your spell library contained the following spells:

 Spells                   Type           Power      Damage    Failure   Level
 Fugue of the Fallen      Necr           61%        N/A       1%          3
 Cigotuvi's Dreadful Rot  Necr/Alch/Air  58%        N/A       2%          2
 Martyr's Knell           Necr/Summ      39%        N/A       6%          4
 Death Channel            Necr           30%        N/A       6%          6
 Magic Dart               Conj           44%        1d5       11%         1
 Searing Ray              Conj           22%        2d5       17%         2
 Borgnjor's Vile Clutch   Necr/Erth      19%        N/A       19%         5
 Call Canine Familiar     Summ           11%        N/A       32%         3
 Ozocubu's Armour         Ice            11%        N/A       32%         3
 Sigil of Binding         Hex            11%        N/A       32%         3
 Dimensional Bullseye     Hex/Tloc       5%         N/A       73%         4
 Fulminant Prism          Conj/Alch      5%         3d7       73%         4
 Manifold Assault         Tloc           11%        N/A       73%         4
 Conjure Ball Lightning   Conj/Air       5%         3x3d6     100%        6
 Discord                  Hex            5%         N/A       100%        8
 Disjunction              Tloc           5%         N/A       100%        8


Dungeon Overview and Level Annotations

Branches:
Dungeon (10/15)            Temple (1/1) D:7            Lair (5/5) D:10
 Shoals (0/4) Lair:3        Snake (0/4) Lair:3        Slime (0/5) Lair:4
    Orc (0/2) D:9         Ossuary (visited)

Altars:
Ashenzari
Cheibriados
Dithmenos
Fedhas
Gozag
Hepliaklqana
Kikubaaqudgha
Makhleb
Nemelex Xobeh
Okawaru
Qazlal
Ru
Sif Muna
Trog
Uskayaw
Vehumet
Wu Jian
Xom
Yredelemnul
Jiyva

Shops:
D:6 *

Annotations:
Lair:2 2 transporters
Lair:3 3 runed translucent doors, Befuwnopp's ghost, journeyman TrHu


Innate Abilities, Weirdness & Mutations

You have a pair of large antennae on your head. (SInv)
You are mostly covered in large bone plates. (SH +6)
A weak demonic guardian rushes to your aid.
A meltable icy envelope protects you from harm. (AC +4)
A meltable shield of frost defends you. (SH +4)


Message History

Unknown command.
Unknown command.
You feel much better. The black mamba closely misses you.
Okay, then.
Unknown command.
Okay, then.
Unknown command.
Okay, then.
Okay, then.
Okay, then.
As you read the scroll labelled ZIF AS TE VIWA, it crumbles to dust.
It is a scroll of amnesia.
Okay, then.
You block the seven-headed hydra's attack.
The seven-headed hydra bites you.
* * * LOW HITPOINT WARNING * * *
You block the seven-headed hydra's attack.
The seven-headed hydra completely misses you.
The seven-headed hydra bites you but does no damage.
The seven-headed hydra completely misses you.
The seven-headed hydra bites you.
* * * LOW HITPOINT WARNING * * *
A water moccasin comes into view.
The seven-headed hydra misses you. The seven-headed hydra bites you!
* * * LOW HITPOINT WARNING * * *
The seven-headed hydra bites you but does no damage.
The seven-headed hydra bites you!
* * * LOW HITPOINT WARNING * * *
The seven-headed hydra closely misses you. x3
Unknown command.
The air fills with toxic fumes!
As you read the scroll labelled YHALIE YGORE, it crumbles to dust.
It was a scroll of poison.
You block the seven-headed hydra's attack. x2
The seven-headed hydra bites you but does no damage. x2
The seven-headed hydra misses you. The seven-headed hydra bites you.
* * * LOW HITPOINT WARNING * * *
The seven-headed hydra bites you.
You die...
Kikubaaqudgha rasps: "You have failed me!
Welcome... death!"

##.. .. .... #..##. ,.{..
####....# ..8# ######
#@##....# ..#
..####.#..###D##....##.#
.....#P..PP.##SS##......#
....#......P.wYlY{..l...#
..#.........§lYlS†.Y..#,
#.........§§§§§§§......#
##.........§§§##P§§......#
##......÷.##§########.#..$..#
#...P.....#### ###......


You could see a seven-headed hydra, a torpor snail, a komodo dragon, a black
mamba, 3 yaks, 2 basilisks and 2 water moccasins.

Vanquished Creatures
  A two-headed ogre (D:9)
  2 death yaks (Lair:3)
  3 skysharks
  Pikel (D:4)
  17 elephants
  10 cane toads
  6 komodo dragons
  Jeremiah (Lair:1)
  A troll (D:10)
  A polar bear (Lair:3)
  7 hornets
  7 blink frogs
  Prince Ribbit (D:5)
  Grinder (D:4)
  Sigmund (D:4)
  A shadow (D:10)
  6 wyverns
  A wraith (D:10)
  24 yaks
  Eustachio (D:4)
  3 basilisks
  A warg (Lair:5)
  6 humans (D:7)
  A steam dragon (D:7)
  3 vampire mosquitoes (D:10)
  A naga (Lair:3)
  Duvessa (D:5)
  15 water moccasins
  2 orc warriors (D:8)
  An ice beast (D:8)
  A sky beast (D:4)
  A black bear (D:5)
  11 wolves
  An ogre (D:7)
  5 centaurs
  A lemure (D:4)
  3 kobold brigands
  Blork the orc (D:4)
  13 bullfrogs
  2 gnoll sergeants
  5 scorpions
  9 wights
  Dowan (D:5)
  9 killer bees
  An electric eel (Lair:3)
  A howler monkey (D:10)
  A bombardier beetle (D:5)
  4 hounds
  2 jellies
  3 orc priests
  2 gnoll boudas
  7 iguanas
  4 orc wizards
  A mummy (Ossuary)
  A howler monkey zombie (Ossuary)
  24 gnolls
  14 adders
  2 shadow imps
  2 white imps (D:6)
  A dart slug (D:2)
  34 orcs
  6 endoplasms
  A giant cockroach (D:2)
  6 goblins
  7 hobgoblins
  2 jackals (D:2)
  20 kobolds
  2 quokkas (D:2)
  8 ball pythons
  6 bats
  3 frilled lizards
355 creatures vanquished.

Vanquished Creatures (collateral kills)
  A boulder beetle (Lair:3)
  2 death yaks (Lair:3)
  4 elephants
  4 black mambas
  2 cane toads
  2 rime drakes
  A blink frog (Lair:4)
  A wyvern (Lair:1)
  5 yaks
  3 basilisks
  Edmund (D:4)
  3 water moccasins
  2 centaurs (Lair:3)
  2 bullfrogs (Lair:4)
  A hell rat (Lair:5)
  An adder (D:2)
  A ribbon worm (D:2)
  A hobgoblin (D:1)
  2 jackals (D:2)
  2 rats (D:2)
41 creatures vanquished.

Vanquished Creatures (others)
  A skyshark zombie (Lair:3)
  3 cane toad zombies
  A rime drake zombie (Lair:5)
  3 komodo dragon zombies (Lair:3)
  A water moccasin zombie (Lair:3)
  4 yak zombies (Lair:4)
  A polar bear zombie (Lair:3)
  A bullfrog zombie (Lair:4)
  A jelly (D:8)
16 creatures vanquished.

Grand Total: 412 creatures vanquished

Notes
Turn   | Place    | Note
-------+----------+-------------------------------------------
     0 | D:1      | PaiMei the Demonspawn Necromancer began the quest for the
                  | Orb.
     0 | D:1      | Reached XP level 1. HP: 13/13 MP: 3/3
   169 | D:1      | Gained mutation: A weak demonic guardian rushes to your
                  | aid. [demonic ancestry]
   169 | D:1      | Reached XP level 2. HP: 19/19 MP: 1/5
   617 | D:2      | Gained mutation: You have a pair of small antennae on your
                  | head. [demonic ancestry]
   617 | D:2      | Reached XP level 3. HP: 8/25 MP: 1/6
   698 | D:2      | Learned a level 3 spell: Vampiric Draining
   773 | D:2      | Reached skill level 1 in Fighting
  1300 | D:2      | Gained mutation: You are partially covered in large bone
                  | plates. (SH +4) [demonic ancestry]
  1300 | D:2      | Reached XP level 4. HP: 32/32 MP: 2/7
  1490 | D:2      | Reached skill level 5 in Necromancy
  1624 | D:3      | Identified the ring of Dienu {Dex+2 Slay+4}
  2429 | D:4      | Noticed a sky beast
  2431 | D:4      | Gained mutation: You are mostly covered in large bone
                  | plates. (SH +6) [demonic ancestry]
  2431 | D:4      | Reached XP level 5. HP: 36/38 MP: 2/9
  2539 | D:4      | Noticed Eustachio
  2557 | D:4      | Noticed Grinder
  2711 | D:4      | Killed Eustachio
  2712 | D:4      | Gained mutation: A meltable shield of frost defends you.
                  | (SH +4) [demonic ancestry]
  2712 | D:4      | Reached XP level 6. HP: 46/46 MP: 3/11
  2783 | D:4      | Noticed Blork the orc
  2796 | D:4      | Killed Blork the orc
  2807 | D:4      | Noticed Sigmund
  3046 | D:4      | Learned a level 4 spell: Animate Dead
  3055 | D:4      | Killed Sigmund
  3056 | D:4      | Reached skill level 6 in Necromancy
  3056 | D:4      | Reached XP level 7. HP: 52/52 MP: 2/12
  3301 | D:4      | Killed Grinder
  3740 | D:5      | Entered Level 5 of the Dungeon
  4043 | D:5      | Gained mutation: You have a pair of antennae on your head.
                  | [demonic ancestry]
  4043 | D:5      | Reached XP level 8. HP: 57/61 MP: 1/14
  4259 | D:4      | Reached skill level 7 in Necromancy
  4872 | D:5      | Noticed Pikel
  4874 | D:5      | Reached skill level 5 in Spellcasting
  5130 | D:4      | Killed Pikel
  5131 | D:4      | Reached skill level 5 in Fighting
  5131 | D:4      | Reached skill level 5 in Dodging
  5745 | D:5      | Reached XP level 9. HP: 60/68 MP: 5/17
  5833 | D:5      | Noticed Duvessa
  6093 | D:5      | Killed Duvessa
  6093 | D:5      | Noticed Dowan
  6094 | D:5      | Reached skill level 8 in Necromancy
  6275 | D:5      | Killed Dowan
  6658 | D:5      | Noticed Edmund
  6659 | D:5      | Noticed Prince Ribbit
  6685 | D:4      | Killed Edmund
  6792 | D:5      | Killed Prince Ribbit
  6926 | D:5      | Found a hazy altar of Hepliaklqana.
  7164 | D:5      | Found a snail-covered altar of Cheibriados.
  7499 | D:6      | Found a sand-covered staircase.
  7537 | Ossuary  | Entered an ossuary
  7537 | Ossuary  | Found a huge runed translucent gate.
  7537 | Ossuary  | Found a huge runed translucent gate.
  7537 | Ossuary  | Found a huge runed translucent gate.
  7537 | Ossuary  | Found a huge runed translucent gate.
  7537 | Ossuary  | Found a huge runed translucent gate.
  7537 | Ossuary  | Found a huge runed translucent gate.
  7537 | Ossuary  | Found a huge runed translucent gate.
  7537 | Ossuary  | Found a huge runed translucent gate.
  7537 | Ossuary  | Found a huge runed translucent gate.
  7581 | Ossuary  | Found a huge runed translucent gate.
  7581 | Ossuary  | Found a huge runed translucent gate.
  7582 | Ossuary  | Found a huge runed translucent gate.
  7582 | Ossuary  | Found a huge runed translucent gate.
  7584 | Ossuary  | Found a huge runed translucent gate.
  7584 | Ossuary  | Found a huge runed translucent gate.
  8416 | D:6      | Found Poiwifrem's CLEARANCE SALE!.
  8586 | D:6      | Learned a level 4 spell: Dispel Undead
  8592 | D:6      | Learned a level 5 spell: Curse of Agony
  8875 | D:7      | Reached skill level 9 in Necromancy
  9403 | D:7      | Found a staircase to the Ecumenical Temple.
  9438 | D:7      | Gained mutation: A meltable icy envelope protects you from
                  | harm. (AC +4) [demonic ancestry]
  9438 | D:7      | Reached XP level 10. HP: 22/79 MP: 0/20
  9658 | Temple   | Entered the Ecumenical Temple
 10816 | D:8      | Found a sacrificial altar of Ru.
 10950 | D:8      | Reached skill level 1 in Shields
 11462 | D:8      | Reached skill level 10 in Necromancy
 11765 | D:8      | Found an opulent altar of Gozag.
 12364 | D:9      | Noticed a two-headed ogre
 12399 | D:9      | Found a staircase to the Orcish Mines.
 12775 | D:9      | Killed a two-headed ogre
 12889 | D:9      | Found a broken altar of Ashenzari.
 12900 | D:9      | You fall into a shaft and drop 1 floor!
 12900 | D:10     | Entered Level 10 of the Dungeon
 13288 | D:10     | Gained mutation: You have a pair of large antennae on your
                  | head. (SInv) [demonic ancestry]
 13288 | D:10     | Reached XP level 11. HP: 87/87 MP: 23/23
 13538 | D:10     | Found a staircase to the Lair.
 14970 | D:10     | Found an iron altar of Okawaru.
 15092 | D:10     | Found a radiant altar of Vehumet.
 15096 | D:10     | Found an ancient bone altar of Kikubaaqudgha.
 15097 | D:10     | Found a shimmering blue altar of Sif Muna.
 15104 | D:10     | Became a worshipper of Kikubaaqudgha
 15218 | Lair:1   | Entered Level 1 of the Lair of Beasts
 15370 | Lair:1   | Reached skill level 11 in Necromancy
 15955 | Lair:1   | Reached skill level 5 in Shields
 16111 | Lair:1   | Reached skill level 1 in Armour
 16124 | Lair:1   | Reached * piety under Kikubaaqudgha
 16124 | Lair:1   | Received a gift from Kikubaaqudgha
 16330 | Lair:1   | Learned a level 2 spell: Sublimation of Blood
 16581 | Lair:1   | Noticed Jeremiah
 16588 | Lair:1   | Killed Jeremiah
 17126 | Lair:2   | Reached XP level 12. HP: 91/97 MP: 23/25
 17372 | Lair:2   | Found a transporter.
 17379 | Lair:2   | Reached skill level 10 in Fighting
 17407 | Lair:2   | Found a transporter.
 17414 | Lair:2   | Paralysed by a hornet for 1 turns
 17567 | Lair:2   | Noticed a boulder beetle
 17855 | Lair:2   | Reached skill level 12 in Necromancy
 18459 | Lair:3   | Noticed a death yak
 18460 | Lair:3   | Noticed a death yak
 18460 | Lair:3   | Noticed a death yak
 18461 | Lair:3   | Noticed a death yak
 18485 | Lair:3   | Found a staircase to the Snake Pit.
 18659 | Lair:3   | Found a runed translucent gate.
 18659 | Lair:3   | Found a runed translucent gate.
 18892 | Lair:3   | Killed a death yak
 18892 | Lair:3   | Reached ** piety under Kikubaaqudgha
 19082 | Lair:3   | Found a runed translucent gate.
 19103 | Lair:3   | Reached skill level 10 in Spellcasting
 19211 | Lair:3   | Found a staircase to the Shoals.
 19491 | Lair:3   | Killed a death yak
 19495 | Lair:3   | Killed a death yak
 19496 | Lair:3   | Reached skill level 5 in Armour
 19498 | Lair:3   | Killed a death yak
 19873 | Lair:3   | Noticed a boulder beetle
 19889 | Lair:3   | Killed a boulder beetle
 20018 | Lair:3   | Noticed a minotaur
 20020 | Lair:3   | Noticed Befuwnopp's ghost (journeyman TrHu)
 20490 | Lair:4   | Reached XP level 13. HP: 106/106 MP: 21/27
 20498 | Lair:4   | Reached skill level 13 in Necromancy
 20835 | Lair:4   | Reached *** piety under Kikubaaqudgha
 20835 | Lair:4   | Received a gift from Kikubaaqudgha
 22618 | Lair:4   | Found a viscous altar of Jiyva.
 22618 | Lair:4   | Found a staircase to the Slime Pits.
 22785 | Lair:5   | Entered Level 5 of the Lair of Beasts
 24141 | Lair:5   | HP: 5/108 [seven-headed hydra (5)]
 24141 | Lair:5   | Slain by a seven-headed hydra

Illustrated notes

Levels and vault maps discovered:
D:1:      minmay_arrival_radiant_lines, layout_basic
D:2:      layout_rooms
D:3:      layout_loops_ring, chequers_mini_garden, serial_park_tiny_2,
          amcnicky_mini_rare_corridor_liquid
D:4:      layout_rooms, mainiacjoe_overflow_brackets, uniq_grinder,
          uniq_blork_the_orc, uniq_eustachio, uniq_sigmund
D:5:      layout_cave_pools, marbit_many_paths, slow_altar_2, serial_park,
          serial_park_gazebo [serial_park_minivault_5x5_8], serial_park_square3
          [serial_park_minivault_5x5_1], serial_park_tiny_1,
          kennysheep_another_room, uniq_prince_ribbit1, uniq_duvessa,
          uniq_edmund, uniq_pikel
D:6:      layout_basic, chequers_ossuary_entry_cave, nicolae_shop_clearance
D:7:      layout_layer_cave, minmay_temple_entry_stoned_glass, minmay_ruffians
D:8:      layout_loops_ring, pdpol_temple_overflow_zin_treasury_gozag_greed,
          old_standard_altar, lemuel_flame_loot_1
D:9:      layout_long_grid, ashenzari_altar_1, orc_0_dummy
D:10:     layout_long_grid, grunt_temple_overflow_magic_moments,
          old_standard_altar, minmay_lair_entry_grove
Temple:   hellmonk_temple_of_storms
Lair:1:   layout_loops_ring, ldierk_geyser, uniq_jeremiah
Lair:2:   gammafunk_boulding_lane, layout_big_grid,
          nicolae_volcano_entry_s_turn, dreamdust_wasp_nest, lemuel_fruit_tree,
          grunt_megastairs_2, serial_bayou_shore_b, serial_bayou_shore_b
Lair:3:   statuecave_lemuel, layout_regular_city, minmay_shoals_entry_centaurs,
          guppyfry_snake_entry_island, maelrawn_ghost_gauntlet_escape,
          beast_lair_carwin_2
Lair:4:   layout_loops_ring, dpeg_slime_entry_enclosed, minmay_holes,
          st_stairs_4, grunt_megastairs_5
Lair:5:   hangedman_lair_caniforms_friends, layout_concentric_octagons,
          hangedman_lair_in_review, st_stairs_6

Skill      XL: |  1  2  3  4  5  6  7  8  9 10 11 12 13 |
---------------+----------------------------------------+-----
Stealth        | 2 |  2.0
Dodging        | 2 3 4 5 6 7 |  7.1
Fighting       | 1 2 3 4 5 7 8 9 11 12 | 12.1
Necromancy     | 5 6 7 9 10 11 12 13 | 13.8
Spellcasting   | 3 4 5 6 8 9 10 11 | 11.4
Shields        | 3 5 |  5.1
Armour         | 2 5 6 |  6.8

Action                     |  1- 3 |  4- 6 |  7- 9 | 10-12 | 13-15 || total
---------------------------+-------+-------+-------+-------+-------++-------
  Melee: Hand axe          |    23 |     5 |       |       |       ||    28
         Dagger            |       |    14 |    79 |       |       ||    93
         Punch             |       |     1 |       |     2 |       ||     3
         Long sword        |       |       |    29 |   206 |   130 ||   365
         Whip              |       |       |    20 |       |       ||    20
   Cast: Necrotise         |    57 |    61 |    86 |   157 |    10 ||   371
         Vampiric Draining |       |    10 |    86 |   262 |   137 ||   495
         Dispel Undead     |       |       |     5 |    13 |       ||    18
         Curse of Agony    |       |       |       |    17 |     4 ||    21
         Animate Dead      |       |       |       |     8 |     3 ||    11
    Use: Scroll            |       |       |       |       |     7 ||     7
         Potion            |       |       |       |       |     1 ||     1
   Stab: Distracted        |       |       |       |     1 |       ||     1
 Armour: Robe              |    28 |    22 |   123 |    76 |       ||   249
         Troll leather arm |       |       |       |   193 |   279 ||   472
  Dodge: Dodged            |    31 |    32 |   129 |   210 |   222 ||   624
  Block: Other             |       |    14 |    92 |    22 |       ||   128
         Buckler           |       |       |       |   446 |   370 ||   816
